 Dungeon Crawl Stone Soup version 0.32-a0-986-ga09f62fbf4 (webtiles) character file.

Game seed: 4303979238755952330

274 protoss039 the Digger (level 6, -5/44 HPs)
             Began as a Demonspawn Earth Elementalist on Apr 21, 2024.
             Slain by an ogre
             ... wielding a +0 giant club
              (22 damage)
             ... on level 4 of the Dungeon.
             The game lasted 00:05:03 (3415 turns).

protoss039 the Digger (DsEE)                        Turns: 3415, Time: 00:05:04

Health: -5/44      AC:  8    Str:  8    XL:     6   Next: 3%
Magic:  6/10       EV: 11    Int: 17    God:
Gold:   139        SH:  0    Dex: 14    Spells: 4/11 levels left

rFire   . . .        c - +0 short sword
rCold   . . .        (no shield)
rNeg    . . .        g - +2 leather armour {Will+}
rPois   .            (no helmet)
rElec   .            (no cloak)
rCorr   .            f - +2 pair of gloves
SInv    .            (no boots)
Will    +....        (no amulet)
Stlth   ++           (no ring)
HPRegen 0.27/turn    (no ring)
MPRegen 0.12/turn

%: no passive effects
@: no status effects
A: hooves 1, powered by death 1
a: no special abilities


You were on level 4 of the Dungeon.
You visited 1 branch of the dungeon, and saw 4 of its levels.

You collected 139 gold pieces.

Inventory:

Hand Weapons
 c - a +0 short sword (weapon)
Armour
 f - a +2 pair of gloves (worn)
 g - a +2 leather armour of willpower (worn)
Jewellery
 l - an amulet of the acrobat
Scrolls
 a - a scroll of torment
 b - a scroll of poison {unknown}
 d - a scroll of silence {unknown}
 e - a scroll of identify
 h - 2 scrolls of fear
 i - a scroll of revelation {unknown}
 k - a scroll of fog {unknown}
 m - a scroll of immolation {unknown}
 n - a scroll of amnesia {unknown}
Potions
 j - a potion of resistance


   Skills:
 + Level 2.2 Fighting
 * Level 1.7 Armour
 + Level 2.5 Dodging
 + Level 2.4 Stealth
 + Level 3.1 Spellcasting
 + Level 2.0 Conjurations
 + Level 3.6 Earth Magic


You had 4 spell levels left.
You knew the following spells:

 Your Spells              Type           Power      Damage    Failure   Level
a - Sandblast             Erth           28%        2d8       5%          1
b - Passwall              Erth           14%        N/A       17%         3
c - Stone Arrow           Conj/Erth      24%        3d8       22%         3

Your spell library contained the following spells:

 Spells                   Type           Power      Damage    Failure   Level
 Cigotuvi's Dreadful Rot  Necr/Alch/Air  4%         N/A       36%         2
 Brom's Barrelling Bould  Conj/Erth      12%        2d4       58%         4
 Petrify                  Alch/Erth      8%         N/A       75%         4
 Dispel Undead            Necr           2%         3d7       94%         4
 Martyr's Knell           Necr/Summ      2%         N/A       94%         4


Dungeon Overview and Level Annotations

Branches:
Dungeon (4/15) Zot: 20515
 Temple: D:4-7

Altars:


Innate Abilities, Weirdness & Mutations

You have large cloven feet.
You regenerate a little health from kills.


Message History

Unknown command.
Casting: Sandblast (safe; 5% risk of failure)
Confirm with . or Enter, or press ? or * to list all spells.
Okay, then.
Unknown command.
Casting: Stone Arrow (quite dangerous; 22% risk of failure)
Confirm with . or Enter, or press ? or * to list all spells.
Aiming: Sandblast (safe; 5% risk of failure)
Press: ? - help, Shift-Dir - straight line, f/p - ogre
Aim: an ogre, wielding a +0 giant club (moderately wounded, 91% to hit)
The blast of sand misses the ogre.
The ogre completely misses you.
Unknown command.
Casting: Sandblast (safe; 5% risk of failure)
Confirm with . or Enter, or press ? or * to list all spells.
Aiming: Sandblast (safe; 5% risk of failure)
Press: ? - help, Shift-Dir - straight line, f/p - ogre
Aim: an ogre, wielding a +0 giant club (moderately wounded, 91% to hit)
The blast of sand hits the ogre!
The ogre is severely wounded.
The ogre closely misses you.
Unknown command.
Casting: Sandblast (safe; 5% risk of failure)
Confirm with . or Enter, or press ? or * to list all spells.
Aiming: Sandblast (safe; 5% risk of failure)
Press: ? - help, Shift-Dir - straight line, f/p - ogre
Aim: an ogre, wielding a +0 giant club (severely wounded, 91% to hit)
The blast of sand hits the ogre!
The ogre is almost dead.
The ogre hits you with a +0 giant club!!
Ouch! That really hurt!
Casting: Sandblast (safe; 5% risk of failure)
Confirm with . or Enter, or press ? or * to list all spells.
Aiming: Sandblast (safe; 5% risk of failure)
Press: ? - help, Shift-Dir - straight line, f/p - ogre
Aim: an ogre, wielding a +0 giant club (almost dead, 91% to hit)
The blast of sand hits the ogre.
The ogre is almost dead.
The ogre hits you with a +0 giant club!!
Ouch! That really hurt!
You die...

#.....## #.... ..>......
..#.# .####.### #.#.# .#
#.# #.#.# .# #.# #.#.#
.# #.# #.#.#
.####.#####.#.#####
.##...............#.####
........#####...@O......
......### ############
###.#.# #####.# ......#
#######


You could see an ogre.

Vanquished Creatures
  A scorpion (D:4)
  A hound (D:4)
  An iguana (D:4)
  A sleepcap (D:4)
  Terence (D:2)
  2 adders (D:3)
  A dart slug (D:1)
  3 ribbon worms (D:2)
  6 orcs (D:3)
  10 endoplasms
  2 giant cockroaches
  3 hobgoblins
  9 jackals
  2 quokkas (D:3)
  6 ball pythons
  5 bats
  7 frilled lizards
  4 goblins
  5 kobolds
  5 rats
75 creatures vanquished.

Notes
Turn   | Place    | Note
-------+----------+-------------------------------------------
     0 | D:1      | protoss039 the Demonspawn Earth Elementalist began the
                  | quest for the Orb.
     0 | D:1      | Reached XP level 1. HP: 13/13 MP: 3/3
     7 | D:1      | Noticed a brain worm
     7 | D:1      | Noticed a wyvern
     7 | D:1      | Noticed a black mamba
     7 | D:1      | Noticed a polar bear
     7 | D:1      | Noticed a scorpion
   107 | D:1      | Gained mutation: You regenerate a little health from kills.
                  | [demonic ancestry]
   107 | D:1      | Reached XP level 2. HP: 20/20 MP: 1/5
   360 | D:1      | Reached skill level 1 in Fighting
   860 | D:1      | Reached XP level 3. HP: 26/26 MP: 2/6
  1207 | D:1      | Learned a level 3 spell: Passwall
  1211 | D:1      | Learned a level 3 spell: Stone Arrow
  1231 | D:2      | Found a faded altar of an unknown god.
  1407 | D:2      | Noticed Terence
  1410 | D:2      | Killed Terence
  1709 | D:2      | Reached XP level 4. HP: 32/32 MP: 6/8
  2981 | D:4      | Reached skill level 1 in Armour
  2981 | D:4      | Reached XP level 5. HP: 24/38 MP: 2/9
  3313 | D:4      | Gained mutation: You have large cloven feet. [demonic
                  | ancestry]
  3313 | D:4      | Reached XP level 6. HP: 21/44 MP: 3/10
  3415 | D:4      | Slain by an ogre

Illustrated notes

Levels and vault maps discovered:
D:1:      onia_arrival_zoo_common, layout_basic, fountainhead
D:2:      layout_basic, ebering_ecumenical_altar_abandoned,
          serial_bayou_lagoon_a, uniq_terence
D:3:      layout_basic
D:4:      layout_loops_ring

Skill      XL: |  1  2  3  4  5 |
---------------+----------------+-----
Fighting       | 1 2 |  2.2
Earth Magic    | 3 |  3.6
Stealth        | 2 |  2.4
Dodging        | 2 |  2.5
Armour         | 1 |  1.7
Spellcasting   | 3 |  3.1
Conjurations   | 2 |  2.0

Action                     |  1- 3 |  4- 6 || total
---------------------------+-------+-------++-------
  Melee: Short sword       |    16 |    22 ||    38
   Cast: Sandblast         |    53 |    67 ||   120
         Stone Arrow       |     2 |     5 ||     7
    Use: Scroll            |       |     3 ||     3
         Potion            |       |     1 ||     1
 Armour: Robe              |    21 |     3 ||    24
         Leather armour    |       |    36 ||    36
  Dodge: Dodged            |    24 |    45 ||    69

Table legend: (Time is in decaauts)
 A = Elapsed time spent in this place.
 B = Non-inter-level travel time spent in this place.
 C = Inter-level travel time spent in this place.
 D = Time resting spent in this place.
 E = Time spent auto-exploring this place.
 F = Levels seen in this place.
 G = Mean time per level.
                   A        B        C        D        E       F      G
               +--------+--------+--------+--------+--------+-----+--------+
         Total |   3483 |   3366 |    117 |    214 |   2620 |   4 |  870.8 |
       Dungeon |   3483 |   3366 |    117 |    214 |   2620 |   4 |  870.8 |
               +--------+--------+--------+--------+--------+-----+--------+

Top non-repeatable levels by time:
     D:1: 1229 daAuts
     D:3: 949 daAuts
     D:2: 869 daAuts
     D:4: 434 daAuts
